 Dungeon Crawl Stone Soup version 0.30-a0-1116-gebefce21f7 (webtiles) character file.

Game seed: 17431327696552223973

26 sircluck the Trooper (level 3, -6/33 HPs)
             Began as a Hill Orc Fighter on Apr 21, 2023.
             Mangled by an orc
             ... wielding a +0 war axe
              (7 damage)
             ... on level 3 of the Dungeon.
             The game lasted 00:02:19 (1049 turns).

sircluck the Trooper (Hill Orc Fighter)             Turns: 1049, Time: 00:02:19

Health: -6/33      AC:  6    Str: 20    XL:     3   Next: 8%
Magic:  3/3        EV:  9    Int:  8    God:
Gold:   10         SH:  4    Dex: 10    Spells: 2/2 levels left

rFire   + . .      SeeInvis .    a - +0 war axe
rCold   + . .      Faith    .    c - +0 buckler
rNeg    . . .      Spirit   .    b - +0 scale mail
rPois   .          Reflect  .    (no helmet)
rElec   .          Rampage  .    g - scarf {rC+ rF+}
rCorr   .                        (no gloves)
Will    .....                    (no boots) Stlth
                                 (no amulet)
HPRegen 0.25/turn                (no ring)
MPRegen 0.08/turn                (no ring)

@: mighty, attractive
A: no striking features
a: no special abilities


You were on level 3 of the Dungeon.
You visited 1 branch of the dungeon, and saw 3 of its levels.

You collected 30 gold pieces.
You spent 20 gold pieces at shops.

Inventory:

Hand Weapons
 a - a +0 war axe (weapon)
Missiles
 f - 16 stones (quivered)
Armour
 b - a +0 scale mail (worn)
 c - a +0 buckler (worn)
 g - a scarf of resistance (worn)
 j - a +0 helmet
 r - a +1 helmet
Jewellery
 m - a +4 ring of protection
 n - an amulet of reflection
Scrolls
 h - a scroll of amnesia {unknown}
 i - a scroll of poison {unknown}
 k - 2 scrolls of identify
 o - 2 scrolls of enchant armour {unknown}
 s - a scroll of fear {unknown}
Potions
 e - 2 potions of degeneration {unknown}
 l - a potion of ambrosia {unknown}
 p - a potion of attraction
 q - a potion of resistance {unknown}


   Skills:
 + Level 4.1 Fighting
 + Level 3.3 Axes
 + Level 3.6 Armour
 + Level 3.4 Shields


You had 2 spell levels left.
You didn't know any spells.
Your spell library was empty.

Dungeon Overview and Level Annotations

Branches:
Dungeon (3/15)

Altars:

Shops:
D:3 *


Message History

There is an escape hatch in the floor here.
f - 16 stones (gained 4)
An orc comes into view. It is wielding a +0 war axe.
The orc shouts!
You hear a shout!
An orc is nearby!
An orc is nearby!
The orc hits you with a +0 war axe.
An orc comes into view. It is wielding a +0 club.
You closely miss the orc. The orc hits you with a +0 war axe.
You hit the orc but do no damage. The orc closely misses you.
You block the orc's attack.
An orc comes into view. It is wielding a +0 club.
You closely miss the orc.
The orc shouts!
You hit the orc but do no damage.
You hear a shout!
The orc hits you but does no damage. The orc hits you with a +0 club.
You hit the orc.
The orc is heavily wounded.
You barely miss the orc. The orc hits you but does no damage.
You hit the orc.
You kill the orc!
You hit the orc.
An orc wizard comes into view. It is wielding a +0 dagger.
The orc hits you with a +0 war axe! The orc completely misses you.
The orc hits you with a +0 war axe!
* * * LOW HITPOINT WARNING * * *
You feel very mighty all of a sudden.
An orc comes into view. It is wielding a +0 short sword.
The orc hits you but does no damage. The orc hits you with a +0 war axe.
* * * LOW HITPOINT WARNING * * *
You barely miss the orc.
The orc is heavily wounded.
You closely miss the orc. The orc hits you but does no damage.
The orc hits you with a +0 war axe.
* * * LOW HITPOINT WARNING * * *
It was a potion of attraction.
You feel attractive to monsters. The orc misses you.
The orc hits you with a +0 war axe!
You die...

.............#
####..#...#.##
#....#.#.#
####..###.#.#
......###.#.#
............#
.####.....#.########
.#
#...........oo.###
.#
#...........@oo..#
.#
#...#.#.########.#
.# #...#.#.#
.####...#.#.#
........#.#.### #.#
#####...#.###.# #.#
#..##.# #.# #.# ###
#..##.# #.# #.# ..#
..# #..##.# #.# #.#
#.#


You could see an orc wizard and 3 orcs.

Vanquished Creatures
  A worm (D:2)
  2 orcs (D:3)
  A goblin (D:3)
  4 hobgoblins
  5 kobolds
  A quokka (D:2)
  2 ball pythons (D:2)
  A bat (D:3)
  2 rats (D:3)
19 creatures vanquished.

Notes
Turn   | Place    | Note
-------+----------+-------------------------------------------
     0 | D:1      | sircluck the Hill Orc Fighter began the quest for the Orb.
     0 | D:1      | Reached XP level 1. HP: 19/19 MP: 1/1
   228 | D:2      | Reached XP level 2. HP: 21/27 MP: 2/2
   229 | D:2      | Reached skill level 4 in Fighting
   545 | D:3      | Found a faded altar of an unknown god.
   622 | D:3      | Found Vicepoyw's General Store.
   629 | D:3      | Bought a scroll of identify for 20 gold pieces
   763 | D:3      | Reached XP level 3. HP: 33/33 MP: 3/3
  1048 | D:3      | HP: 1/33 [orc/+0 war axe (2)]
  1049 | D:3      | Mangled by an orc

Illustrated notes

Levels and vault maps discovered:
D:1:      minmay_arrival_hallway, layout_basic
D:2:      layout_basic, serial_curves, eino_curves_01, eino_curves_02,
          nicolae_shop_unique_rings
D:3:      layout_basic, nicolae_overflow_ecumenical_swirl, serial_shops,
          nicolae_shop_tiny_glass

Skill      XL: |  1  2 |
---------------+-------+-----
Fighting       | 4 |  4.1
Axes           | 3 |  3.3
Armour         | |  3.6
Shields        | |  3.4

Action                     || total
---------------------------++-------
  Melee: War axe           ||    80
    Use: Potion            ||     2
 Armour: Scale mail        ||    32
  Dodge: Dodged            ||    48
  Block: Buckler           ||    20

Table legend: (Time is in decaauts)
 A = Elapsed time spent in this place.
 B = Non-inter-level travel time spent in this place.
 C = Inter-level travel time spent in this place.
 D = Time resting spent in this place.
 E = Time spent auto-exploring this place.
 F = Levels seen in this place.
 G = Mean time per level.
                   A        B        C        D        E       F      G
               +--------+--------+--------+--------+--------+-----+--------+
         Total |   1080 |   1002 |     78 |     42 |    688 |   3 |  360.0 |
       Dungeon |   1080 |   1002 |     78 |     42 |    688 |   3 |  360.0 |
               +--------+--------+--------+--------+--------+-----+--------+

Top non-repeatable levels by time:
     D:3: 766 daAuts
     D:2: 221 daAuts
     D:1: 92 daAuts
